 Dungeon Crawl Stone Soup version 0.23.1-37-gaa34b87b72 (webtiles) character file.

Game seed: 1651004518390160544

20 Jabberih the Insei (level 2, -3/21 HPs)
             Began as a Demonspawn Transmuter on Mar 25, 2019.
             Slain by a gnoll
             ... wielding a +2 flail of draining
              (5 damage)
             ... on level 1 of the Dungeon.
             The game lasted 00:01:20 (1029 turns).

Jabberih the Insei (Demonspawn Transmuter)          Turns: 1029, Time: 00:01:22

Health: -3/21      AC:  5    Str: 10    XL:     2   Next: 58%
Magic:  4/5        EV: 12    Int: 14    God:
Gold:   91         SH:  0    Dex: 13    Spells: 4/5 levels left

rFire    . . .     SeeInvis .     - Unarmed
rCold    + . .     Gourm    .   (no shield)
rNeg     . . .     Faith    .   g - +1 robe {rC+}
rPois    .         Spirit   .   (no helmet)
rElec    .         Reflect  .   (no cloak)
rCorr    .         Harm     .   (no gloves)
MR       .....                  (boots currently unavailable)
Stlth    +.........             (no amulet)
HPRegen  0.07/turn              (no ring)
MPRegen  0.09/turn              (no ring)

@: appendage (expiring), drained
A: talons 3, thin metallic scales 1
a: End Transformation


You were on level 1 of the Dungeon.
You were not hungry.
You had grown temporary talons.
You visited 1 branch of the dungeon, and saw 1 of its levels.

You collected 91 gold pieces.

Inventory:

Missiles
 a - 12 arrows
Armour
 b - a +0 robe
 e - a +0 leather armour
 g - a +1 robe of cold resistance (worn)
Scrolls
 f - a scroll of remove curse {unknown}
Potions
 h - a potion of degeneration {unknown}
 i - a potion of mutation {unknown}
Comestibles
 d - a ration


   Skills:
 - Level 1.0(0.4) Fighting
 - Level 1.7(1.1) Dodging
 + Level 3.6(2.9) Unarmed Combat
 - Level 2.0(1.3) Spellcasting
 - Level 1.7(1.1) Transmutations


You had 4 spell levels left.
You knew the following spells:

 Your Spells              Type           Power        Failure   Level  Hunger
a - Beastly Appendage     Tmut           #.....       16%         1    ##.....

Your spell library contained the following spells:

 Spells                   Type           Power        Failure   Level  Hunger
 Sticks to Snakes         Tmut           #.......     24%         2    ###....
 Spider Form              Tmut/Pois      #.........   52%         3    ####...
 Ice Form                 Ice/Tmut       #.......     90%         4    #####..
 Blade Hands              Tmut           #.........   99%         5    ######.


Dungeon Overview and Level Annotations

Branches:
Dungeon (1/15)

Altars:
Nemelex Xobeh


Innate Abilities, Weirdness & Mutations

You are partially covered in thin metallic scales. (AC +2)
You have claws for feet.


Message History

You hit the gnoll.
The gnoll is moderately wounded.
You closely miss the gnoll. You claw the gnoll.
The gnoll is moderately wounded.
The gnoll barely misses you.
You hit the gnoll but do no damage.
The gnoll is moderately wounded.
The gnoll hits you with a +2 flail of draining!
You feel drained.
You barely miss the gnoll.
The gnoll is moderately wounded.
The gnoll completely misses you.
You barely miss the gnoll.
The gnoll is moderately wounded.
Your transformation is almost over.
The gnoll hits you with a +2 flail of draining!
Ouch! That really hurt!
* * * LOW HITPOINT WARNING * * *
You feel drained.
You die...

#.# #.......##
#.####.........
#..............
######.........
### #.##......
#.. #.##......
#.#########
#.##......
#######.#.......#
#.##......
..........#@..#.#
#.##......
######.#.#g..#
#.##......
#.#.#.$.#
#.##......
#.#.#...#
#.########
#.#.#...# #.#
#.#.#...# #.#
#.#.#...# #.#
#.#.##.## #.# #.#
#.#


You could see a gnoll.

Vanquished Creatures
  A leopard gecko (D:1)
  2 bats (D:1)
  2 giant cockroaches (D:1)
  2 goblins (D:1)
  3 hobgoblins (D:1)
  5 kobolds (D:1)
  2 rats (D:1)
17 creatures vanquished.

Notes
Turn   | Place    | Note
-------+----------+-------------------------------------------
     0 | D:1      | Jabberih the Demonspawn Transmuter began the quest for the
                  | Orb.
     0 | D:1      | Reached XP level 1. HP: 15/15 MP: 3/3
   189 | D:1      | Reached skill level 3 in Unarmed Combat
   349 | D:1      | Gained mutation: You are partially covered in thin metallic
                  | scales. (AC +2) [demonic ancestry]
   349 | D:1      | Reached XP level 2. HP: 15/21 MP: 3/5
   415 | D:1      | Found a sparkling altar of Nemelex Xobeh.
  1029 | D:1      | Slain by a gnoll

Skill      XL: |  1 |
---------------+----+-----
Unarmed Combat | 3 |  3.6
Fighting       | |  1.0
Dodging        | |  1.7
Spellcasting   | |  2.0
Transmutations | |  1.7

Action                   || total
-------------------------++-------
Melee: Unarmed           ||    64
       Headbutt          ||     4
       Punch             ||     1
       Kick              ||     3
 Cast: Beastly Appendage ||    10
 Stab: Sleeping          ||     1
  Eat: Chunk             ||     1
Armor: Robe              ||    10
       Leather armour    ||     4
Dodge: Dodged            ||    41
